 Dungeon Crawl Stone Soup version 0.28.0-45-g0d030f2227 (webtiles) character file.

Game seed: 8215824712580373771

305 NinjaNoafa the Nimble (level 6, -5/47 HPs)
             Began as a Gnoll Wanderer on Apr 18, 2022.
             Killed by divine providence
             ... invoked by an orc priest
              (10 damage)
             ... on level 3 of the Dungeon.
             The game lasted 00:07:04 (3726 turns).

NinjaNoafa the Nimble (Gnoll Wanderer)              Turns: 3726, Time: 00:07:04

Health: -5/47      AC:  3    Str: 10    XL:     6   Next: 39%
Magic:  11/11      EV: 16    Int: 10    God:
Gold:   112        SH:  0    Dex: 16    Spells: 11/11 levels left

rFire   + . .      SeeInvis .   j - +0 scythe
rCold   . . .      Faith    .   (shield currently unavailable)
rNeg    . . .      Spirit   .   r - +0 robe
rPois   .          Reflect  .   (no helmet)
rElec   .          Harm     .   n - +0 cloak
rCorr   .          Rampage  .   (no gloves)
Will    .....                   (no boots)
Stlth   ++........              (no amulet)
HPRegen 0.15/turn               u - ring of protection from fire
MPRegen 0.12/turn               t - ring of wizardry

@: flying
A: fangs 1, strong nose, distributed training
a: no special abilities


You were on level 3 of the Dungeon.
You visited 1 branch of the dungeon, and saw 3 of its levels.

You collected 112 gold pieces.

Inventory:

Hand Weapons
 a - a +0 mace
 h - a +0 hunting sling
 j - a +0 scythe (weapon)
 p - a +0 longbow
 z - a +2 whip of holy wrath
Missiles
 b - 3 throwing nets
 e - 3 atropa-tipped darts
 f - 33 stones
 i - 44 bolts
 k - 6 poisoned darts (quivered)
 l - 29 sling bullets
 m - 9 arrows
 x - 8 boomerangs
Armour
 c - a +0 leather armour
 d - a +0 buckler
 g - a +0 chain mail
 n - a +0 cloak (worn)
 r - a +0 robe (worn)
Jewellery
 t - a ring of wizardry (right hand)
 u - a ring of protection from fire (left hand)
Wands
 w - a wand of flame (31)
Scrolls
 o - a scroll of amnesia
 v - a scroll of identify {unknown}
 y - a scroll of noise {unknown}


   Skills:
 + Level 3.2 Fighting
 + Level 1.9 Short Blades
 + Level 1.9 Long Blades
 + Level 1.9 Axes
 + Level 3.2 Maces & Flails
 + Level 1.9 Polearms
 + Level 1.9 Staves
 + Level 1.9 Slings
 + Level 1.9 Bows
 + Level 1.9 Crossbows
 + Level 3.2 Throwing
 + Level 1.9 Armour
 + Level 8.7 Dodging
 + Level 1.9 Stealth
 + Level 5.0 Shields
 + Level 1.9 Unarmed Combat
 + Level 3.4 Spellcasting
 + Level 1.5 Conjurations
 + Level 1.5 Hexes
 + Level 1.5 Summonings
 + Level 1.5 Necromancy
 + Level 1.5 Translocations
 + Level 1.5 Transmutations
 + Level 1.5 Fire Magic
 + Level 1.5 Ice Magic
 + Level 1.5 Air Magic
 + Level 1.5 Earth Magic
 + Level 1.5 Poison Magic
 + Level 2.1 Invocations
 + Level 1.9 Evocations


You had 11 spell levels left.
You didn't know any spells.
Your spell library contained the following spells:

 Spells                   Type           Power      Damage    Failure   Level
 Apportation              Tloc           8%         N/A       6%          1
 Alistair's Intoxication  Tmut/Pois      2%         N/A       82%         5


Dungeon Overview and Level Annotations

Branches:
Dungeon (3/15)

Altars:


Innate Abilities, Weirdness & Mutations

You have very sharp teeth.
Your uncanny sense of smell can sniff out nearby items.
Your experience applies equally to all skills.


Message History

Fire: 13 arrows
Press: ? - help, Q - select action, (/) - cycle Shift-Dir - straight line, f/p - orc priest
Aim: an orc priest, wielding a +0 dagger (heavily wounded, 57% to hit)
You shoot an arrow. The arrow hits the orc.
The orc is lightly wounded.
The orc closely misses you.
Fire: 12 arrows
Press: ? - help, Q - select action, (/) - cycle Shift-Dir - straight line, f/p - orc priest
Aim: an orc priest, wielding a +0 dagger (heavily wounded, 57% to hit)
You shoot an arrow.
The arrow hits the orc but does no damage.
The orc hits you with a +0 mace.
* * * LOW HITPOINT WARNING * * *
The orc barely misses you.
Fire: 11 arrows
Press: ? - help, Q - select action, (/) - cycle Shift-Dir - straight line, f/p - orc priest
Aim: an orc priest, wielding a +0 dagger (heavily wounded, 57% to hit)
You shoot an arrow. The arrow barely misses the orc.
The arrow completely misses the orc priest.
The arrow hits the orc!
You kill the orc!
The orc completely misses you.
Fire: 10 arrows
Press: ? - help, Q - select action, (/) - cycle Shift-Dir - straight line, f/p - orc priest
Aim: an orc priest, wielding a +0 dagger (heavily wounded, 57% to hit)
You shoot an arrow. The arrow hits the orc!
You kill the orc!
j - a +0 scythe (weapon)
The orc priest hits you with a +0 dagger.
* * * LOW HITPOINT WARNING * * *
You closely miss the orc priest.
The orc priest is heavily wounded.
The orc priest calls down the wrath of Beogh upon you.
You barely resist. The orc priest closely misses you.
Okay, then.
You barely miss the orc priest. Your bite misses the orc priest.
The orc priest is heavily wounded.
The orc priest invokes the aid of Beogh against you.
Beogh smites you!
You die...

#### ## #.. .. #.# #. #######
####.####o #.....# #......##(
#.....#
#......##(##########.....# ###
.......##(...).o@........# #..
.......#############.....# #..
.......# #.....# #.. .......#
#.##### ### .......#
###.########## .###.###########
#............# .# #.#....)....#
#..........).#
.###.#.........###............#
.>......................))....#


You could see an orc priest.

Vanquished Creatures
  Sigmund (D:3)
  An orc priest (D:3)
  4 adders
  7 orcs (D:3)
  5 endoplasms
  2 giant cockroaches
  2 goblins (D:1)
  5 hobgoblins
  4 jackals (D:2)
  2 quokkas (D:2)
  7 ball pythons
  4 bats
  5 frilled lizards
  3 kobolds
  10 rats
62 creatures vanquished.

Notes
Turn   | Place    | Note
-------+----------+-------------------------------------------
     0 | D:1      | NinjaNoafa the Gnoll Wanderer began the quest for the Orb.
     0 | D:1      | NinjaNoafa set off with the following items: a +0 mace, 3
                  | throwing nets, a +0 leather armour, a +0 buckler
     0 | D:1      | Reached XP level 1. HP: 17/17 MP: 4/4
   123 | D:1      | Reached XP level 2. HP: 4/23 MP: 5/5
   420 | D:1      | Found a faded altar of an unknown god.
  1363 | D:1      | Reached XP level 3. HP: 28/28 MP: 7/7
  1955 | D:2      | Reached skill level 1 in Invocations
  2008 | D:2      | Reached skill level 1 in Short Blades
  2008 | D:2      | Reached skill level 1 in Long Blades
  2008 | D:2      | Reached skill level 1 in Axes
  2008 | D:2      | Reached skill level 1 in Polearms
  2008 | D:2      | Reached skill level 1 in Staves
  2008 | D:2      | Reached skill level 1 in Slings
  2008 | D:2      | Reached skill level 1 in Bows
  2008 | D:2      | Reached skill level 1 in Crossbows
  2008 | D:2      | Reached skill level 1 in Armour
  2008 | D:2      | Reached skill level 1 in Stealth
  2008 | D:2      | Reached skill level 1 in Unarmed Combat
  2008 | D:2      | Reached skill level 1 in Evocations
  2165 | D:2      | Reached XP level 4. HP: 34/34 MP: 8/8
  2802 | D:3      | Noticed Sigmund
  2833 | D:3      | Killed Sigmund
  2834 | D:3      | Reached skill level 1 in Conjurations
  2834 | D:3      | Reached skill level 1 in Hexes
  2834 | D:3      | Reached skill level 1 in Summonings
  2834 | D:3      | Reached skill level 1 in Necromancy
  2834 | D:3      | Reached skill level 1 in Translocations
  2834 | D:3      | Reached skill level 1 in Transmutations
  2834 | D:3      | Reached skill level 1 in Fire Magic
  2834 | D:3      | Reached skill level 1 in Ice Magic
  2834 | D:3      | Reached skill level 1 in Air Magic
  2834 | D:3      | Reached skill level 1 in Earth Magic
  2834 | D:3      | Reached skill level 1 in Poison Magic
  2834 | D:3      | Reached XP level 5. HP: 33/41 MP: 8/10
  2834 | D:3      | Reached XP level 6. HP: 38/47 MP: 8/11
  3168 | D:3      | Reached skill level 5 in Shields
  3726 | D:3      | Killed from afar by an orc priest

Illustrated notes

Levels and vault maps discovered:
D:1:      dpeg_cavernosity, layout_basic, ebering_ecumenical_altar_rust
D:2:      layout_basic
D:3:      layout_basic, uniq_sigmund

Skill      XL: |  1  2  3  4  5  6 |
---------------+-------------------+-----
Invocations    | 1 2 |  2.1
Short Blades   | 1 |  1.9
Long Blades    | 1 |  1.9
Axes           | 1 |  1.9
Polearms       | 1 |  1.9
Staves         | 1 |  1.9
Slings         | 1 |  1.9
Bows           | 1 |  1.9
Crossbows      | 1 |  1.9
Armour         | 1 |  1.9
Stealth        | 1 |  1.9
Unarmed Combat | 1 |  1.9
Evocations     | 1 |  1.9
Fighting       | 3 |  3.2
Maces & Flails | 3 |  3.2
Throwing       | 3 |  3.2
Spellcasting   | 3 |  3.4
Conjurations   | 1 |  1.5
Hexes          | 1 |  1.5
Summonings     | 1 |  1.5
Necromancy     | 1 |  1.5
Translocations | 1 |  1.5
Transmutations | 1 |  1.5
Fire Magic     | 1 |  1.5
Ice Magic      | 1 |  1.5
Air Magic      | 1 |  1.5
Earth Magic    | 1 |  1.5
Poison Magic   | 1 |  1.5
Shields        | 5 |  5.0
Dodging        | |  8.7

Action                   |  1- 3 |  4- 6 || total
-------------------------+-------+-------++-------
Melee: Mace              |    73 |    22 ||    95
       Bite              |     7 |     4 ||    11
       Whip              |       |     9 ||     9
       Scythe            |       |     2 ||     2
 Fire: Hunting sling     |    28 |    23 ||    51
       Longbow           |       |    26 ||    26
  Use: Scroll            |     3 |       ||     3
       Potion            |     4 |     4 ||     8
Armor: Leather armour    |    29 |     1 ||    30
       Robe              |       |     4 ||     4
Dodge: Dodged            |    86 |    36 ||   122
Block: Buckler           |    31 |     5 ||    36
